[Event "Live Chess"]
[Site "Chess.com"]
[Date "2023.05.20"]
[Round "-"]
[White "LiamClery2020"]
[Black "lucaskk818"]
[Result "1-0"]
[WhiteElo "2085"]
[BlackElo "1894"]
[TimeControl "300"]
[EndTime "14:23:29 PDT"]
[Termination "LiamClery2020 won by resignation"]

1. e4 e6 2. d4 d5 3. Nd2 c5 4. c3 cxd4 5. cxd4 dxe4 6. Nxe4 Nf6 7.
Nxf6+ Qxf6 8. Nf3 b6 9. Bb5+ Bd7 10. Bxd7+ Nxd7 11. Qb3 Bb4+ 12. Qxb4 1-0

[Event "Live Chess"]
[Site "Chess.com"]
[Date "2023.05.20"]
[Round "-"]
[White "KGreenGator"]
[Black "KeithArkell"]
[Result "0-1"]
[WhiteElo "1789"]
[BlackElo "2618"]
[TimeControl "300"]
[EndTime "14:23:30 PDT"]
[Termination "KeithArkell won by checkmate"]

1. c4 e6 2. Nc3 d5 3. cxd5 exd5 4. d4 Nf6 5. Nf3 c6 6. e3 Bg4 7. Be2 Nbd7 8. h3 Bxf3 9. Bxf3 Bd6 10. O-O O-O 11. Re1 Re8 12. e4 dxe4 13. Nxe4 Nxe4 14. Rxe4 Rxe4 15. Bxe4 Nf6 16. Bc2 Qc7 17. Be3 Rd8 18. Qf3 Nd5 19. Qe4 g6 20. Rd1 Bh2+ 21. Kf1 Bf4 22.
Bb3 Bxe3 23. Bxd5 Rxd5 24. fxe3 Qg3 25. Qf3 Rf5 26. Ke2 Rxf3 27. gxf3 Qg2+ 28. Kd3 Qxf3 29.
Rd2 Qf5+ 30. Kc3 Qe4 31. Rd3 g5 32. b4 h5 33. a4 g4 34. hxg4 hxg4 35. b5 g3 36. Rd2 Qxe3+ 37. Rd3 Qxd3+ 38. Kxd3 g2 39. bxc6 bxc6 40. Kc4 g1=Q 41. Kc5 Qe3 42. Kxc6 Qxd4 43.
a5 Qb4 44. a6 Qb6+ 45. Kd7 Qxa6 46. Kc7 Qb6+ 47. Kc8 a5 48. Kd7 a4 49. Ke8 a3 50. Ke7 a2 51. Kd7 a1=Q 52. Ke8 Qa8+ 53. Kd7 Qaa7+ 54. Kc8 Qbb8# 0-1

[Event "Live Chess"]
[Site "Chess.com"]
[Date "2023.05.20"]
[Round "-"]
[White "Goblinbasher"]
[Black "DRS44"]
[Result "1-0"]
[WhiteElo "1251"]
[BlackElo "1365"]
[TimeControl "300"]
[EndTime "14:23:33 PDT"]
[Termination "Goblinbasher won on time"]

1. e4 e5 2. Nc3 Nf6 3. f4 d5 4. fxe5 Nxe4 5. Qf3 Nxc3 6. bxc3 Bc5 7. d4 Bb6 8. Bd3 Nc6 9. Ne2 Ne7 10. O-O O-O 11. Ng3 Ng6 12. Ba3 Re8 13. Qxf7+ Kh8 14. Bxg6 hxg6 15. Qxg6 Be6 16. Nh5 Qd7 17. Nf4 1-0

[Event "Live Chess"]
[Site "Chess.com"]
[Date "2023.05.20"]
[Round "-"]
[White "BJAW87"]
[Black "manthanit"]
[Result "1-0"]
[WhiteElo "1438"]
[BlackElo "1008"]
[TimeControl "300"]
[EndTime "14:23:47 PDT"]
[Termination "BJAW87 won on time"]

1. e4 e6 2. d4 d5 3. exd5 exd5 4. Nf3 c5 5. Bg5 f6 6. Bh4 Qb6 7. b3 cxd4 8. Nxd4 Bb4+ 9. c3 Bc5 10. Bb5+ Bd7 11.
Bxd7+ Nxd7 12. O-O Ne7 13. Qg4 O-O 14. Ne6 Rf7 15.
Nd2 Ng6 16. Nxc5 Nxc5 17. Nf3 Re8 18. Rad1 Re4 19. Qg3 Qe6 20. Rfe1 Nxh4 21. Rxe4 Qxe4 22. Nxh4 Re7 23. Nf3 Qe2 24. Rf1 Qxa2 25. b4 Nd3 26. Nd4 Kf7 27. Nb5 a6 28. Nd6+ Ke6 29. Nc8 Kf7 30.
Nxe7 1-0

[Event "Live Chess"]
[Site "Chess.com"]
[Date "2023.05.20"]
[Round "-"]
[White "f4nomore"]
[Black "SupremeTactician"]
[Result "0-1"]
[WhiteElo "1395"]
[BlackElo "2364"]
[TimeControl "300"]
[EndTime "14:23:53 PDT"]
[Termination "SupremeTactician won by resignation"]

1. d4 Nf6 2. Bg5 e6 3. e3 Be7 4.
Bxf6 Bxf6 5. Nf3 b6 6. Bd3 Bb7 7.
O-O O-O 8. c4 d6 9. Nc3 Nd7 10.
e4 Be7 11. d5 e5 12. b3 a5 13.
Nb5 Re8 14. h3 Nf8 15. Nh2 Ng6 16. a4 Nf4 17. Bc2 Bc8 18. g3 Nxh3+ 19. Kg2 h6 20. Ng4 Bxg4 21. Qxg4 Ng5 22. f4 exf4 23. gxf4 Nh7 24.
Nd4 Nf6 25. Qf3 Bf8 26. Qg3 Nxe4 27. Bxe4 Rxe4 28. Nf5 Qf6 29. Nh4 Rae8 30. Rad1 Re2+ 31. Rf2 Rxf2+ 32. Qxf2 Re4 33. Rf1 Be7 34. Qf3 Rd4 35. Qf2 Rd3 36. Qe2 Rxb3 37. Nf5 Rb2 38. Nxe7+ Kh7 0-1

[Event "Live Chess"]
[Site "Chess.com"]
[Date "2023.05.20"]
[Round "-"]
[White "Supertromp"]
[Black "Jo1ts"]
[Result "1-0"]
[WhiteElo "2179"]
[BlackElo "720"]
[TimeControl "300"]
[EndTime "14:24:00 PDT"]
[Termination "Supertromp won by checkmate"]

1. e4 d5 2. exd5 Qxd5 3. Nf3 Qd8 4. Be2 Nf6 5. d4 Bf5 6. O-O e6 7. c4 Be7 8. Nc3 O-O 9. h3 Nc6 10. Be3 Bb4 11. Nh4 Bxc3 12. bxc3 Be4 13. Bd3 Bxd3 14. Qxd3 e5 15. d5 Na5 16. f3 c6 17.
Rad1 Qd6 18. Nf5 Qd7 19. d6 Rad8 20. c5 g6 21. Ne7+ Kh8 22. Bg5 Nd5 23. Qxd5 cxd5 24. Bf6# 1-0

[Event "Live Chess"]
[Site "Chess.com"]
[Date "2023.05.20"]
[Round "-"]
[White "JoshMcK"]
[Black "ChessTWSS"]
[Result "1/2-1/2"]
[WhiteElo "1552"]
[BlackElo "1516"]
[TimeControl "300"]
[EndTime "14:24:00 PDT"]
[Termination "Game drawn by repetition"]

1. e4 c5 2. c3 Nc6 3. d4 cxd4 4. cxd4 e6 5. Nf3 d5 6. exd5 exd5 7. Nc3 Nf6 8. Bb5 Bd7 9. O-O Bd6 10. Re1+ Be6 11. Bg5 O-O 12. Ne5 a6 13. Nxc6 bxc6 14. Bxc6 Rc8 15. Bxf6 Qxf6 16. Bxd5 Rxc3 17. Bxe6 fxe6 18.
bxc3 Bxh2+ 19. Kxh2 Qh4+ 20. Kg1 Qxf2+ 21. Kh1 Qh4+ 22. Kg1 Qf2+ 23. Kh2 Qh4+ 24. Kg1 Qf2+ 1/2-1/2

[Event "Live Chess"]
[Site "Chess.com"]
[Date "2023.05.20"]
[Round "-"]
[White "stevochess11"]
[Black "Ferrarifan27"]
[Result "0-1"]
[WhiteElo "1782"]
[BlackElo "2073"]
[TimeControl "300"]
[EndTime "14:24:04 PDT"]
[Termination "Ferrarifan27 won by resignation"]

1. d4 Nf6 2. Nf3 d5 3. e3 Bf5 4. c4 e6 5. Qb3 b6 6. Ne5 Bd6 7. cxd5 exd5 8. Bb5+ Bd7 9. Nc3 O-O 10.
Nxd5 Bxe5 11. dxe5 Nxd5 12. Qxd5 c6 13. Bxc6 Bxc6 14.
Qd6 Qxd6 15. exd6 Rd8 16. Bd2 Rxd6 17. Bb4 Rd7 18. O-O Na6 19. Bc3 Rad8 20. Rac1 Bb5 21. Rfe1 f6 22. b3 Kf7 23. a4 Bd3 24. b4 Be4 25. b5 Nc5 26. Bb4 Nd3 0-1

[Event "Live Chess"]
[Site "Chess.com"]
[Date "2023.05.20"]
[Round "-"]
[White "Delacorta"]
[Black "ramses-IIG"]
[Result "0-1"]
[WhiteElo "1408"]
[BlackElo "837"]
[TimeControl "300"]
[EndTime "14:24:06 PDT"]
[Termination "ramses-IIG won by checkmate"]

1. d4 d5 2. Nf3 Nc6 3. e3 Bf5 4. Bd3 Nb4 5. Bxf5 e6 6. Bd3 Bd6 7. a3 Nxd3+ 8. Qxd3 Nf6 9. O-O O-O 10. Nbd2 Ng4 11. b4 Qf6 12. h3 Nh6 13. Bb2 Nf5 14. Ne5 Nh4 15. Nd7 Qg5 16. g3 Bxg3 17.
Nf3 Bh2+ 18. Kxh2 Qg2# 0-1

[Event "Live Chess"]
[Site "Chess.com"]
[Date "2023.05.20"]
[Round "-"]
[White "Greenbecker"]
[Black "ViktorTheCoolBoy"]
[Result "0-1"]
[WhiteElo "1645"]
[BlackElo "2510"]
[TimeControl "300"]
[EndTime "14:24:25 PDT"]
[Termination "ViktorTheCoolBoy won on time"]

1. e4 e5 2. Nf3 Nc6 3. Bb5 Nf6 4. O-O Nxe4 5. Re1 Nd6 6. Bxc6 dxc6 7. Nxe5 Be7 8. d4 O-O 9. Nc3 Nf5 10. Be3 Be6 11.
Ne4 Bd5 12. Nc3 Be6 13. Ne4 Nxe3 14. fxe3 f6 15. Nf3 b6 16. Ng3 f5 17. Ne5 Bd5 18. c4 Be6 19. Nxc6 Qd6 20. d5 Bd7 21. Nxe7+ Qxe7 22.
Qd3 Rae8 23. e4 f4 24. Ne2 Qg5 25. Rf1 Bg4 26. Nd4 Qg6 27. Rae1 Re5 28. Nc6 Ree8 29.
Nd4 Kh8 30. h3 Bd7 31. Qf3 Re7 32. e5 Qg5 33. e6 Be8 34. Re4 Bh5 35. Rxf4 Rg8 36.
Qf2 Bg6 37. Rf8 h6 38. Rxg8+ Kxg8 39. Nf5 Re8 40. Nd4 Be4 41. Qf7+ Kh7 42. Rf2 Re7 43.
Qf4 Qg6 44. Nf5 Re8 45. Nh4 Qg5 46. Qxe4+ Kg8 47. Ng6 c6 48. Qf5 Qxf5 49. Rxf5 cxd5 50.
cxd5 Kh7 51. Ne5 Rc8 52. d6 Rc1+ 53. Kh2 Rd1 54. d7 Rd6 55. e7 Re6 56. d8=Q Rf6 0-1

[Event "Live Chess"]
[Site "Chess.com"]
[Date "2023.05.20"]
[Round "-"]
[White "raminguy"]
[Black "Missedidea"]
[Result "1-0"]
[WhiteElo "1963"]
[BlackElo "1722"]
[TimeControl "300"]
[EndTime "14:24:27 PDT"]
[Termination "raminguy won by resignation"]

1. d4 Nf6 2. Nc3 c5 3. d5 d6 4.
e4 g6 5. Bf4 Bg7 6. Qd2 h6 7. h4 a6 8. a4 Nbd7 9. f3 Rb8 10. Bd3 Ne5 11. Be2 Bd7 12. a5 Bc8 13. Na4 Ned7 14. c4 b5 15. cxb5 axb5 16. Nc3 Ba6 17. g4 Ne5 18. Kf2 Qc8 19. Bxe5 dxe5 20. d6 b4 21. Na4 Bxe2 22. Nxe2 exd6 23. Qxd6 Nd7 24. Rhd1 Rb7 25. a6 Ra7 26. Nb6 Nxb6 27. Qxb6 Rc7 28. a7 O-O 29. a8=Q Qxa8 30. Rxa8 Rxa8 31. Qxc7 Ra2 32. Rd2 Bf8 33. Qc8 Kg7 34. Rd8 Be7 35. Rg8+ Kf6 36. Qc6+ 1-0

[Event "Live Chess"]
[Site "Chess.com"]
[Date "2023.05.20"]
[Round "-"]
[White "Nazar_777"]
[Black "Tushinskiy"]
[Result "0-1"]
[WhiteElo "1607"]
[BlackElo "2149"]
[TimeControl "300"]
[EndTime "14:24:36 PDT"]
[Termination "Tushinskiy won by checkmate"]

1. e3 d5 2. h4 c6 3. a3 Nf6 4.
c4 e6 5. cxd5 exd5 6. Nc3 Bd6 7.
Be2 Qe7 8. Nf3 Bg4 9. Qc2 Nbd7 10. Ng5 h6 11. Nf3 O-O-O 12. b4 Kb8 13. Bb2 h5 14.
Rc1 Ne5 15. Na4 Rhe8 16. Nc5 Bxf3 17. Bxf3 Nc4 18. Be2 Bxc5 19. bxc5 Nxb2 20. Qxb2 Ne4 21. Rb1 Nxc5 22. d4 Ne6 23. Bxh5 g6 24. Bg4 f5 25. Bf3 f4 26. Bg4 Rd7 27. h5 fxe3 28. fxe3 gxh5 29.
Rxh5 Rc7 30. Re5 Qh4+ 31. Kd2 Qxg4 32. Kc3 c5 33. Qb5 cxd4+ 34. Kb2 Rec8 35. Ka1 dxe3 36. Rxd5 Nd4 37. Qb4 Nc2+ 38. Ka2 Nxb4+ 39. Rxb4 Qxg2+ 40. Kb3 Qxd5+ 41. Ka4 Rc4 42. Kb3 Rxb4+ 43. Kxb4 Rc4+ 44.
Kb3 Qd3+ 45. Kb2 Rc2+ 46. Kb1 Qd1# 0-1

[Event "Live Chess"]
[Site "Chess.com"]
[Date "2023.05.20"]
[Round "-"]
[White "Singapourfeuj"]
[Black "ACx04"]
[Result "1-0"]
[WhiteElo "2252"]
[BlackElo "415"]
[TimeControl "300"]
[EndTime "14:24:38 PDT"]
[Termination "Singapourfeuj won by resignation"]

1. d4 d5 2. c4 dxc4 3. Nf3 Qd5 4.
Nc3 Qc6 5. e4 e6 6. d5 exd5 7.
exd5 Qc5 8. Be3 Qb4 9. Qe2 Na6 10. Bc5+ Be7 11. Bxb4 Nxb4 12. O-O-O Bf5 13. Qxc4 Bc2 14. Re1 Nxa2+ 15. Qxa2 Bg6 16. Bb5+ c6 17. dxc6 bxc6 18.
Bxc6+ 1-0

[Event "Live Chess"]
[Site "Chess.com"]
[Date "2023.05.20"]
[Round "-"]
[White "blunderabit"]
[Black "Brooms1989"]
[Result "0-1"]
[WhiteElo "1819"]
[BlackElo "1055"]
[TimeControl "300"]
[EndTime "14:24:46 PDT"]
[Termination "Brooms1989 won on time"]

1. e4 e5 2. Nf3 Nc6 3. Bb5 a6 4. Ba4 Nf6 5. O-O Bc5 6. c3 Bb6 7. Re1 O-O 8. d4 Re8 9. d5 Ne7 10. Be3 Bxe3 11. Rxe3 Ng6 12. g3 b5 13. Bc2 d6 14. Nbd2 Bg4 15. a4 Qd7 16. Qf1 Bxf3 17. Rxf3 Qg4 18. h3 Qd7 19. Kg2 c6 20. dxc6 Qxc6 21.
Qe2 Reb8 22. axb5 Qxb5 23. Qxb5 axb5 24. Rxa8 Rxa8 25. Bb3 Rd8 26. Rd3 Ne7 27. Kf3 d5 28.
exd5 Nfxd5 29. Bxd5 Rxd5 30. Rxd5 Nxd5 31. Ke4 Nc7 32.
Kxe5 f6+ 33. Kd6 Ne8+ 34. Kc5 Kf7 35. Kxb5 Nc7+ 36. Kc6 Ne6 37. b4 Ke8 38. b5 Nd8+ 0-1

[Event "Live Chess"]
[Site "Chess.com"]
[Date "2023.05.20"]
[Round "-"]
[White "lightningorderyt"]
[Black "gmnorfolk"]
[Result "0-1"]
[WhiteElo "520"]
[BlackElo "2103"]
[TimeControl "300"]
[EndTime "14:24:57 PDT"]
[Termination "gmnorfolk won by checkmate"]

1. e4 e5 2. Nc3 Nf6 3. Nf3 d6 4. Qe2 Be7 5. d4 Nbd7 6. Qc4 O-O 7. Ng5 exd4 8. Qb3 dxc3 9. Bc4 Ne5 10. Bxf7+ Nxf7 11. Nxf7 Rxf7 12. Qxc3 Nxe4 13. Qd4 Bf6 14. Qxe4 Re7 15. f3 d5 16. O-O dxe4 17. fxe4 Rxe4 18. Bf4 Qd4+ 19. Kh1 Rxf4 20. g3 Rxf1+ 21. Rxf1 Bh3 22. Rg1 Qxg1+ 23. Kxg1 Bd4+ 24. Kh1 Rf8 25. c3 Rf1# 0-1

[Event "Live Chess"]
[Site "Chess.com"]
[Date "2023.05.20"]
[Round "-"]
[White "NatashaRegan"]
[Black "wot-not"]
[Result "1-0"]
[WhiteElo "1746"]
[BlackElo "1522"]
[TimeControl "300"]
[EndTime "14:25:30 PDT"]
[Termination "NatashaRegan won by resignation"]

1. e4 e6 2. d4 d5 3. Nc3 Nf6 4. Bg5 Bb4 5. e5 h6 6. exf6 hxg5 7. fxg7 Rg8 8. Bd3 Qf6 9. Qh5 Qxg7 10. Nf3 Nc6 11. O-O Bxc3 12. bxc3 Bd7 13. Rab1 O-O-O 14. a4 f5 15. Bb5 Rh8 16. Bxc6 Rxh5 17.
Bxb7+ Kb8 18. Bxd5+ Kc8 19. Bb7+ Kb8 20. Ne5 c6 21. Bxc6+ Kc7 22. Rb7+ Kd6 23. Bxd7 Qf6 24. Rxa7 g4 25. Rb1 Qh4 26. Rb6+ Ke7 27. Ng6+ 1-0

[Event "Live Chess"]
[Site "Chess.com"]
[Date "2023.05.20"]
[Round "-"]
[White "rideuv21"]
[Black "GEMdzq"]
[Result "0-1"]
[WhiteElo "1802"]
[BlackElo "2239"]
[TimeControl "300"]
[EndTime "14:25:40 PDT"]
[Termination "GEMdzq won by resignation"]

1. e4 d6 2. d4 Nf6 3. Nc3 g6 4.
Nf3 Bg7 5. Bc4 O-O 6. Bb3 Na6 7. h3 c5 8. Be3 Bd7 9. a4 Rc8 10. dxc5 Nxc5 11. Bxc5 Rxc5 12. O-O Nh5 13. Qd2 Qa5 14.
Nd5 Re8 15. Qxa5 Rxa5 16. c3 e6 17. Ne3 Nf4 18. Rfd1 Ra6 19. Nc4 d5 20. Nce5 Bc6 21. Nxc6 bxc6 22. exd5 cxd5 23. Nd4 Rb6 24. Ra3 Reb8 25.
Ba2 Rxb2 26. g3 Nxh3+ 27. Kg2 Nxf2 0-1

[Event "Live Chess"]
[Site "Chess.com"]
[Date "2023.05.20"]
[Round "-"]
[White "JoeRoot66"]
[Black "FlyingChessKestrel13"]
[Result "0-1"]
[WhiteElo "1906"]
[BlackElo "2114"]
[TimeControl "300"]
[EndTime "14:25:40 PDT"]
[Termination "FlyingChessKestrel13 won by resignation"]

1. e4 c6 2. Nf3 d5 3. Nc3 Nf6 4. e5 Ne4 5. d4 Bf5 6. Bd3 e6 7. O-O Be7 8. Re1 Nxc3 9. bxc3 Bg6 10. Rb1 b6 11. a3 Nd7 12. a4 c5 13. Ba3 c4 14. Bxe7 Qxe7 15. Bxg6 hxg6 16. Qd2 O-O 17.
Qf4 Rfb8 18. Ng5 Nf8 19. Re3 f6 20. exf6 gxf6 21. Nxe6 Nxe6 22. Qg4 Kf7 23. Rbe1 f5 24. Qg3 f4 25. Rxe6 Qxe6 26. Qxf4+ Qf6 27. Qc7+ Kf8 0-1

[Event "Live Chess"]
[Site "Chess.com"]
[Date "2023.05.20"]
[Round "-"]
[White "defenderalist"]
[Black "GMHarry-youtube"]
[Result "1-0"]
[WhiteElo "1630"]
[BlackElo "2036"]
[TimeControl "300"]
[EndTime "14:25:52 PDT"]
[Termination "defenderalist won by checkmate"]

1. e4 e5 2. Nf3 Nf6 3. Nc3 Bc5 4. Bc4 O-O 5. O-O a6 6. h3 b5 7.
Bb3 Bb7 8. Nxe5 Nc6 9. Nxc6 dxc6 10. d3 Qd6 11. Be3 Bxe3 12. fxe3 Qg3 13. Qf3 Qg6 14. a3 c5 15. Nd5 Nxd5 16. Bxd5 Bxd5 17. exd5 Rae8 18.
e4 Qd6 19. Qf2 f5 20. Rae1 fxe4 21. Rxe4 Rxf2 22. Rxe8+ Rf8 23. Rexf8+ Qxf8 24. Rxf8+ Kxf8 25. Kf2 Ke7 26. Kf3 Kd6 27. Ke4 g6 28. c4 h6 29.
g4 Kd7 30. Ke5 Ke7 31. h4 b4 32. a4 b3 33. d4 cxd4 34. Kxd4 c6 35. Kc5 cxd5 36. cxd5 Kd7 37. d6 g5 38. hxg5 hxg5 39. a5 Kd8 40. Kb4 Kd7 41. Kc5 Kd8 42. Kd5 Kd7 43.
Ke5 Kc6 44. Kf5 Kxd6 45. Kxg5 Ke5 46. Kg6 Kd4 47. g5 Kd3 48. Kf7 Kc2 49. g6 Kxb2 50. g7 Ka3 51. g8=Q b2 52. Qb8 Ka2 53. Qh2 Ka3 54.
Qh1 Ka2 55. Ke6 b1=Q 56. Qxb1+ Kxb1 57. Kd5 Kb2 58. Kc5 Kb3 59. Kb6 Kc4 60. Kxa6 Kb4 61.
Kb6 Kc4 62. a6 Kd5 63. a7 Kd6 64. a8=Q Kd7 65. Qc6+ Ke7 66. Qc7+ Kf8 67. Kc6 Ke8 68. Kd6 Kf8 69. Ke6 Kg8 70. Kf6 Kf8 71. Qc8# 1-0

[Event "Live Chess"]
[Site "Chess.com"]
[Date "2023.05.20"]
[Round "-"]
[White "HoarseyHorsey"]
[Black "SavagePawn7"]
[Result "1/2-1/2"]
[WhiteElo "1403"]
[BlackElo "788"]
[TimeControl "300"]
[EndTime "14:25:52 PDT"]
[Termination "Game drawn - timeout vs insufficient material"]

1. d4 e5 2. dxe5 d6 3. Nf3 Nc6 4. Bf4 dxe5 5. Qxd8+ Kxd8 6. Bxe5 Nxe5 7. Nxe5 Ke8 8. Nc3 Bd6 9. Nf3 Bg4 10. e4 Rd8 11.
O-O-O Bb4 12. Bb5+ c6 13. Rxd8+ Kxd8 14. Bc4 Ke8 15. Ne2 Nf6 16. Bd3 Kd7 17. Ne5+ Ke6 18. Nxg4 Nxg4 19. Bc4+ Ke7 20. f3 Ne5 21. Bb3 Rd8 22. Rd1 Rxd1+ 23. Kxd1 a5 24. a3 Bc5 25. h3 g6 26. f4 Nd7 27. Kd2 b5 28. Ba2 Bd6 29. Ke3 Bc5+ 30. Kf3 f5 31. exf5 gxf5 32. Bg8 h6 33. g4 fxg4+ 34. hxg4 Nf6 35. Ba2 a4 36.
Nc3 Bd4 37. g5 hxg5 38. fxg5 Nd5 39. Nxd5+ cxd5 40. c3 Bg7 41. Bxd5 Kd6 42. Bf7 Ke7 43. g6 Kf6 44. Ke4 Ke7 45. Kd3 Kd6 46. Kc2 Kc5 47. b3 axb3+ 48. Kxb3 Kb6 49. Kb4 Ka6 50. c4 Kb6 51. c5+ Kc6 52. Be8+ Kc7 53. Bxb5 Kb7 54. a4 Kc7 55. a5 Kb7 56. a6+ Ka7 57. Ka5 Bd4 58.
Ka4 Kb8 59. Kb3 Ka7 60. Kc4 Bf6 61. Kd5 Kb8 62. c6 Ka7 63. Kd6 Kb8 64. c7+ Ka7 65. c8=Q Kb6 66. Qd7 Ka5 1/2-1/2

[Event "Live Chess"]
[Site "Chess.com"]
[Date "2023.05.20"]
[Round "-"]
[White "ChessTWSS"]
[Black "Delacorta"]
[Result "1-0"]
[WhiteElo "1544"]
[BlackElo "1401"]
[TimeControl "300"]
[EndTime "14:26:00 PDT"]
[Termination "ChessTWSS won by resignation"]

1. d4 e6 2. Bf4 f5 3. e3 g5 4.
Qh5+ Ke7 5. Bxg5+ Nf6 6. Bxf6+ Kxf6 7. Qh4+ Kf7 8. Qxd8 Be7 9. Qxh8 Bf6 10. Qxc8 Bg7 11.
Qxb7 Bf6 1-0

[Event "Live Chess"]
[Site "Chess.com"]
[Date "2023.05.20"]
[Round "-"]
[White "toxic_rabbit"]
[Black "McSlash1"]
[Result "1-0"]
[WhiteElo "2001"]
[BlackElo "2040"]
[TimeControl "300"]
[EndTime "14:26:07 PDT"]
[Termination "toxic_rabbit won by resignation"]

1. e4 c5 2. c3 d5 3. exd5 Qxd5 4. d4 cxd4 5. cxd4 Nf6 6. Nf3 Qd8 7. Nc3 Bf5 8. Bc4 e6 9. Qb3 Nbd7 10. Ne5 Be7 11.
h3 O-O 12. g4 Bg6 13. f4 Nb6 14.
Be3 Nxc4 15. Qxc4 Rc8 16. Qe2 Nd5 17. Nxd5 Qxd5 18. O-O Rc2 19. Nxg6 Rxe2 20. Nxe7+ Kh8 21. Nxd5 exd5 22. Bf2 Rc8 23. Rac1 Rec2 24. Rxc2 Rxc2 25. Re1 h6 26. Kg2 Rxb2 27. Re7 Kg8 28. Kg3 Rxa2 29. Rxb7 a5 30. f5 f6 31. Be1 a4 32. Bb4 Rb2 33. Rb8+ Kh7 34. Bd6 a3 35. Ra8 a2 36. Ra7 Kg8 37. Kh4 Rd2 38. Kh5 a1=Q 39. Rxa1 Rxd4 40. Kg6 1-0

[Event "Live Chess"]
[Site "Chess.com"]
[Date "2023.05.20"]
[Round "-"]
[White "ViktorTheCoolBoy"]
[Black "raminguy"]
[Result "1-0"]
[WhiteElo "2511"]
[BlackElo "1962"]
[TimeControl "300"]
[EndTime "14:26:17 PDT"]
[Termination "ViktorTheCoolBoy won by resignation"]

1. e4 e5 2. Nf3 Nc6 3. d4 exd4 4. Nxd4 Qe7 5. Nc3 Qf6 6. Ndb5 Bc5 7. f4 Kd8 8. Nxc7 Bb4 9. Nd5 Bxc3+ 10. Nxc3 Qd4 11.
Qxd4 Nxd4 12. Bd3 Nf6 13. Be3 Nc6 14. h3 Nb4 15. O-O-O Nxd3+ 16. Rxd3 Re8 17. e5 Nh5 18. g4 1-0

[Event "Live Chess"]
[Site "Chess.com"]
[Date "2023.05.20"]
[Round "-"]
[White "jk0110"]
[Black "grillage"]
[Result "0-1"]
[WhiteElo "1101"]
[BlackElo "1846"]
[TimeControl "300"]
[EndTime "14:26:28 PDT"]
[Termination "grillage won on time"]

1. e4 d5 2. d4 dxe4 3. Nc3 e5 4. Nxe4 exd4 5. Nf3 Bg4 6. Bc4 Bb4+ 7. c3 dxc3 8.
Qxd8+ Kxd8 9. bxc3 Ba5 10. Nfg5 Nh6 11. O-O f6 12. Ne6+ Bxe6 13. Bxe6 Nc6 14. Bxh6 gxh6 15. Nxf6 Ke7 16. Rfe1 Kxf6 17. Rad1 Bxc3 18. Re3 Bd4 19.
Re2 Rhe8 20. g4 Rxe6 21. Rxe6+ Kxe6 22. Kg2 Rf8 23. Rf1 Ne5 24. h3 Bb6 25. f4 Nd3 26.
Kg3 c5 27. Rf3 c4 28. f5+ Kf6 29. a4 Re8 30. Rf1 Re3+ 31. Kh4 Ne5 32. Rd1 Nf3+ 33. Kh5 Nd4 34. h4 Kg7 35. Rf1 Rf3 36. Re1 Nxf5 37.
gxf5 Rxf5+ 38. Kg4 Rf7 39. Rc1 Rc7 40. Rc3 Bd4 41.
Ra3 c3 42. Ra2 c2 0-1

[Event "Live Chess"]
[Site "Chess.com"]
[Date "2023.05.20"]
[Round "-"]
[White "CameronM1234"]
[Black "Duke_of_Bebington"]
[Result "0-1"]
[WhiteElo "1129"]
[BlackElo "1581"]
[TimeControl "300"]
[EndTime "14:26:53 PDT"]
[Termination "Duke_of_Bebington won on time"]

1. e4 e5 2. Nf3 Nf6 3. d3 Nc6 4. g3 d5 5. exd5 Nxd5 6. Bg2 Bc5 7. O-O O-O 8. c3 Bg4 9. h3 Bh5 10. a4 a5 11. Nbd2 f5 12. Qe1 Qf6 13. Nb3 Bd6 14.
Bg5 Qe6 15. d4 e4 16. Nfd2 h6 17. Be3 f4 18. gxf4 Bxf4 19. Nxe4 Bxe3 20. fxe3 Qg6 21. Qg3 Qxg3 22. Nxg3 Nxe3 23. Nxh5 Rxf1+ 24. Rxf1 Nxf1 25. Kxf1 Rf8+ 26. Kg1 Ne7 27. Ng3 b6 28. Ne4 Ng6 29. Nbd2 Nf4 30. Nc4 Nd3 31. Ne5 Nxb2 32. Nd7 Rd8 33. Ne5 Nxa4 0-1

[Event "Live Chess"]
[Site "Chess.com"]
[Date "2023.05.20"]
[Round "-"]
[White "RamsayFlayer"]
[Black "Wild_Tiger"]
[Result "1-0"]
[WhiteElo "1989"]
[BlackElo "1072"]
[TimeControl "300"]
[EndTime "14:26:55 PDT"]
[Termination "RamsayFlayer won by checkmate"]

1. e4 Nc6 2. d4 e5 3. d5 Nd4 4. Nf3 Nxf3+ 5. Qxf3 Nf6 6. Nc3 Bb4 7. Bd2 O-O 8. a3 Ba5 9. Bg5 h6 10. Bxf6 gxf6 11.
Qh5 Kh7 12. Be2 d6 13. Bg4 Bxg4 14. Qxg4 Bxc3+ 15. bxc3 c6 16. Qf5+ Kg7 17. O-O Rh8 18.
Rfe1 Kf8 19. Re3 Ke7 20. Rg3 h5 21. Rf3 h4 22. Qxf6+ Kd7 23. Qxf7+ Kc8 24. Qe6+ Kc7 25. Rf7+ Kb6 26. Rb1+ Kc5 27. Rfxb7 Re8 28. Qf7 Rf8 29. Qc7 Qxc7 30. Rxc7 Rab8 31. Rxc6# 1-0

[Event "Live Chess"]
[Site "Chess.com"]
[Date "2023.05.20"]
[Round "-"]
[White "WilliamofOrange16th"]
[Black "Conradical12"]
[Result "1-0"]
[WhiteElo "1838"]
[BlackElo "1579"]
[TimeControl "300"]
[EndTime "14:26:57 PDT"]
[Termination "WilliamofOrange16th won on time"]

1. b3 d5 2. Bb2 Nc6 3. e3 e5 4.
Bb5 Ne7 5. Bxe5 a6 6. Bxc6+ Nxc6 7. Bg3 Bb4 8. c3 Qf6 9. a3 Bd6 10. Bxd6 Qxd6 11. Nf3 O-O 12. h3 Ne5 13. d4 Nd7 14.
O-O Qg6 15. Kh1 Nf6 16. Nbd2 Qh6 17. Ng1 g5 18. f3 Kh8 19. Qe1 Rg8 20. g4 Re8 21.
Qf2 Bxg4 22. fxg4 Nxg4 23. Qg3 Nxe3 24. Rxf7 g4 25. Rf4 Re7 26. Nf1 Rae8 27. h4 Qe6 28. Re1 Nf5 29. Qxg4 Qxe1 30. Qxf5 Qe6 31. Qh5 Rg8 32.
Nf3 Reg7 33. Ng5 Qd7 34. Kh2 Qe7 35. Ng3 h6 36. Qxh6+ Rh7 37. Nxh7 Qxh7 38. Qxh7+ Kxh7 39. Rf7+ Kg6 40. Rxc7 1-0

[Event "Live Chess"]
[Site "Chess.com"]
[Date "2023.05.20"]
[Round "-"]
[White "nigelst"]
[Black "chessfiction"]
[Result "1-0"]
[WhiteElo "1834"]
[BlackElo "2340"]
[TimeControl "300"]
[EndTime "14:27:01 PDT"]
[Termination "nigelst won by resignation"]

1. e4 d5 2. exd5 c6 3. d4 Nf6 4. Nf3 cxd5 5. Bd3 Nc6 6. O-O Bg4 7. c3 Qc7 8. Bg5 O-O-O 9. Nbd2 e5 10. dxe5 Nxe5 11.
Be2 Ng6 12. Re1 Bd6 13. Qa4 Bxf3 14. Nxf3 Kb8 15. Be3 b6 16. Nd4 Bxh2+ 17. Kh1 Bf4 18. Nc6+ Ka8 19. Nxd8 Rxd8 20. Bxf4 Nxf4 21. Bf3 Nd3 22. Re2 Nc5 23. Qd4 Nfe4 24. Rd1 Qf4 25. Bxe4 Qh4+ 26. Kg1 Nxe4 27. Rxe4 Qh5 28. Re5 Qg6 29.
Rxd5 1-0

[Event "Live Chess"]
[Site "Chess.com"]
[Date "2023.05.20"]
[Round "-"]
[White "Richardallis"]
[Black "gregor1903"]
[Result "1-0"]
[WhiteElo "1903"]
[BlackElo "1565"]
[TimeControl "300"]
[EndTime "14:27:08 PDT"]
[Termination "Richardallis won by resignation"]

1. d4 Nf6 2. Nf3 g6 3. Bg5 Ne4 4. Bf4 Bg7 5. Nbd2 Nxd2 6. Qxd2 d5 7. c3 Nc6 8. Bh6 Bf6 9. h4 Be6 10. b4 a6 11. a4 Qd7 12. Bg5 Bg7 13. h5 h6 14. Bf4 g5 15. Bg3 O-O 16. Nxg5 hxg5 17. Qxg5 f6 18. Qe3 Kh7 19. h6 Bh8 20. Qd3+ Bf5 21.
Qd2 Rg8 22. e3 Rg6 23. Bd3 Rxh6 24. Rxh6+ Kxh6 25. Bxf5 Qxf5 26. Bxc7 Rg8 27. e4+ Qg5 28.
Bf4 1-0

[Event "Live Chess"]
[Site "Chess.com"]
[Date "2023.05.20"]
[Round "-"]
[White "BostonStrangler"]
[Black "MarkLim1"]
[Result "1-0"]
[WhiteElo "2055"]
[BlackElo "1663"]
[TimeControl "300"]
[EndTime "14:27:08 PDT"]
[Termination "BostonStrangler won by resignation"]

1. Nf3 Nf6 2. g3 d5 3. Bg2 e6 4. O-O Be7 5. d4 O-O 6. c4 c6 7. Nc3 b6 8. Qc2 Ba6 9. cxd5 c5 10. dxc5 exd5 11. cxb6 axb6 12. Be3 Nc6 13. Nd4 Nxd4 14. Bxd4 Rc8 15. Qd2 Bb4 16. a3 Bc5 17. Rfd1 Re8 18. e3 Ne4 19. Nxe4 dxe4 20. b4 Bxd4 21. Qxd4 Qxd4 22.
Rxd4 Rc2 23. Rxe4 Rec8 24. h4 Rd2 25. Rd4 Rcc2 26. Rd1 Rxd1+ 27. Rxd1 Kf8 28. Rd6 Ra2 29. Rxb6 Rxa3 30. b5 1-0